AoeStats
← busy pushing deer

African Clearing

510435519Analyzed
4v4 RM · 1d ago on Oct 1, 2026· 56m 39s· 8 players
Game mode
Random Map
Map size
Large (8 player)
Population
200
Speed
Normal
Resources
Standard
Victory
Conquest
Starting age
Dark Age
Ending age
Imperial Age
RankedLock teamsTeams togetherTeam positionsShared explorationLock speedFull tech treeHidden civsTurbo modeCheats
Victory
Defeat
🇨🇱 Malians · Chile
1517
+13
🇨🇱 Saracens · Chile
1514
+14
🇨🇱 Khmer · Chile
1503
+14
🇨🇱 Varangians · Chile
1494
+14
🇩🇪 Mapuche · Germany
1509
-15
🇺🇸 Wu · United States
1465
-14
🇭🇰 Burgundians · Hong Kong SAR China
1459
-14
🇵🇪 Maya · Peru
1403
-12
busy pushing deer
14:06 Feudal Age
18:04 Castle Age
16:41 Double-Bit Axe
19:44 Bow Saw
20:07 Loom
27:50 Fletching
31:37 Ballistics
31:41 Fishing Lines
32:02 Bodkin Arrow
32:08 Padded Archer Armor
32:49 Gillnets
35:25 Red Cliffs Tactics
42:57 Imperial Age
41:05 Wheelbarrow
40:16 Town Watch
42:51 Horse Collar
43:12 Gold Mining
43:13 Stone Mining
44:44 Chemistry
43:48 Bracer
44:50 Two-Man Saw
45:01 Hand Cart
44:45 Elite Fire Archer
49:40 Leather Archer Armor
49:26 Scale Mail Armor
49:36 Forging
50:39 Gold Shaft Mining
50:40 Stone Shaft Mining
53:40 Sitting Tiger
大庆Song
4:48 Loom
6:11 Loom
13:26 Feudal Age
15:41 Forging
17:32 Scale Barding Armor
23:24 Castle Age
21:33 Fishing Lines
23:44 Double-Bit Axe
23:40 Horse Collar
24:39 Chain Barding Armor
23:41 Light Cavalry
25:09 Husbandry
25:46 Iron Casting
26:45 Wheelbarrow
25:58 Town Watch
26:32 Heavy Plow
28:53 Cavalier
30:21 Gold Mining
36:46 Cavalier
38:59 Iron Casting
44:44 Imperial Age
46:08 Plate Barding Armor
45:48 Fletching
48:05 Blast Furnace
47:52 Scale Mail Armor
47:48 Bodkin Arrow
48:15 Conscription
48:31 Hoardings
50:05 Bow Saw
51:05 Chain Mail Armor
50:52 Bracer
51:05 Masonry
50:50 Murder Holes
52:00 Chemistry
51:12 Masonry
51:33 Squires
53:10 Gillnets
54:16 Hand Cart
54:34 Plate Mail Armor
54:38 Crop Rotation
54:17 Pikeman
54:43 Arson
55:44 Halberdier
KekBert_Perce1992
11:20 Loom
13:07 Feudal Age
17:07 Castle Age
15:47 Double-Bit Axe
15:56 Fletching
16:43 Padded Archer Armor
19:02 Bodkin Arrow
40:30 Wheelbarrow
GodZu
11:25 Loom
13:39 Feudal Age
[KKCK]Erdinger_CLs
3:30 Loom
13:32 Feudal Age
14:58 Horse Collar
17:45 Forging
26:36 Castle Age
24:48 Double-Bit Axe
26:02 Stone Mining
26:44 Bloodlines
28:59 Husbandry
35:00 Fletching
38:29 Scale Barding Armor
38:28 Light Cavalry
43:06 Wheelbarrow
44:32 Gold Mining
53:13 Imperial Age
52:03 Hand Cart
52:01 Bow Saw
53:39 Gold Shaft Mining
55:51 Iron Casting
57:16 Two-Man Saw
56:55 Heavy Plow
john wick
10:44 Loom
13:16 Feudal Age
13:49 Man-at-Arms
14:16 Arson
14:37 Double-Bit Axe
14:54 Horse Collar
17:12 Forging
22:19 Castle Age
27:01 Fletching
34:29 Bodkin Arrow
36:15 Town Watch
37:11 Stone Mining
38:59 Scale Barding Armor
39:59 Bloodlines
40:30 Husbandry
41:54 Wheelbarrow
44:42 Chain Barding Armor
44:59 Iron Casting
49:23 Imperial Age
48:09 Heavy Plow
49:59 Hand Cart
53:28 Chemistry
52:50 Ballistics
52:27 Murder Holes
52:12 Treadmill Crane
52:29 Gothikon
52:32 Vendel Legacy
53:32 Bracer
54:09 Plate Barding Armor
57:06 Bow Saw
[KKCK]Taker_
5:41 Loom
13:01 Feudal Age
13:26 Town Watch
19:16 Wheelbarrow
24:30 Castle Age
22:42 Double-Bit Axe
25:57 Squires
26:01 Scale Mail Armor
26:21 Gold Mining
29:45 Forging
31:45 Bow Saw
31:17 Horse Collar
34:06 Gold Shaft Mining
35:00 Chain Mail Armor
35:30 Hand Cart
35:08 Stone Mining
35:21 Heavy Plow
37:42 Iron Casting
42:19 Imperial Age
42:25 Imperial Age
42:44 Scale Barding Armor
43:17 Bloodlines
43:29 Farimba
43:50 Conscription
42:53 Heavy Camel Rider
44:20 Husbandry
44:44 Chain Barding Armor
50:40 Plate Barding Armor
51:51 Stone Shaft Mining
51:16 Light Cavalry
52:55 Crop Rotation
[KKCK]nachoalbo_
4:55 Loom
6:10 Loom
12:28 Feudal Age
14:46 Double-Bit Axe
19:05 Horse Collar
26:04 Castle Age
26:18 Elite Skirmisher
37:36 Fletching
38:44 Wheelbarrow
38:29 Bodkin Arrow
41:16 Hand Cart
40:48 Town Watch
41:41 Stone Mining
41:41 Gold Mining
42:50 Forging
43:46 Gold Shaft Mining
45:36 Stone Shaft Mining
44:36 Pikeman
45:43 Scale Mail Armor
46:37 Arson
49:46 Imperial Age
51:03 Ballistics
51:43 Chemistry
51:07 Bloodlines
50:58 Husbandry
50:19 Light Cavalry
51:19 Scale Barding Armor
51:50 Iron Casting
50:40 Halberdier
51:39 Chain Mail Armor
51:31 Double Crossbow
51:51 Conscription
51:39 Heavy Scorpion
52:35 Hussar
53:39 Chain Barding Armor
54:20 Blast Furnace
53:21 Bracer
53:22 Padded Archer Armor
55:12 Siege Engineers
55:39 Fortified Wall
Connection lost

Rejoining the realm…

Still unreachable

The connection could not be restored.

Session expired

The server has moved on; the page needs a fresh start.